Map: Triton LE

Players

Clem

  • Race: Terran Terran
  • Spawn Location: 11:00

Silky - Winner!

  • Race: Zerg Zerg
  • Spawn Location: 5:00

VOD

Have the link to the VOD?

Description

Time

  • Played on: Sept. 6, 2019, 4:30 p.m.
  • Length: 13:05
Show
View Real Time Build Order
Export as new Build Order

Clem Terran 

Build Orders: Hellion Banshee 

Get SALT Encoding   

  12  0:01  SCV  
  13  0:13  SCV  
  14  0:19  Supply Depot  
  14  0:25  SCV  
  15  0:41  Barracks  
  15  0:51  Barracks  
  15  0:55  SCV  
  16  1:00  Refinery  
  16  1:07  SCV  
  17  1:19  SCV  
  18  1:28  Marine  
  18  1:31  Orbital Command  
  19  1:39  Marine  
  20  1:42  Bunker  
  20  1:47  Supply Depot  
  20  1:50  Marine  
  21  2:00  Bunker  
  21  2:08  Marine x2  
  21  2:13  SCV  
  21  2:20  Factory  
  21  2:25  SCV  
  21  2:27  Reaper  
  23  2:30  Marine  
  24  2:37  SCV  
  24  2:44  Supply Depot  
  25  2:48  Marine  
  25  2:50  SCV  
  27  3:02  SCV  
  29  3:07  Marine x2  
  29  3:09  Factory Reactor  
  28  3:14  SCV  
  28  3:15  Starport  
  27  3:31  SCV  
  28  3:36  Command Center  
  28  3:46  Hellion x2, Refinery  
  31  3:53  Medivac  
  33  4:02  Command Center  
  33  4:05  SCV  
  34  4:12  Hellion  
  34  4:15  Hellion  
  38  4:18  SCV  
  39  4:24  Supply Depot  
  39  4:25  Starport Tech Lab  
  39  4:45  Cloaking Field  
  39  4:46  SCV, Hellion x2  
  44  4:54  Banshee  
  47  5:06  Supply Depot  
  47  5:13  SCV  
  48  5:16  Orbital Command  
  48  5:20  Hellion  
  50  5:21  Hellion  
  50  5:25  SCV  
  53  5:29  Supply Depot  
  53  5:34  Orbital Command  
  53  5:37  Banshee  
  53  5:38  SCV  
  57  5:50  SCV  
  57  5:53  Supply Depot  
  58  5:57  Hellion, Armory  
  58  6:02  SCV  
  59  6:05  Hellion  
  59  6:08  SCV  
  58  6:14  SCV  
  59  6:19  Hellion  
  59  6:20  SCV  
  58  6:26  SCV  
  58  6:27  Banshee  
  58  6:32  SCV  
  63  6:38  SCV  
  64  6:44  SCV  
  65  6:50  Command Center, SCV  
  65  6:52  Barracks Tech Lab  
  66  6:57  Factory  
  66  6:59  SCV  
  66  7:00  Factory  
  67  7:02  SCV  
  70  7:08  Hellion  
  70  7:09  Supply Depot  
  70  7:11  SCV  
  70  7:12  Hellion  
  70  7:14  SCV  
  74  7:23  SCV  
  74  7:26  SCV  
  74  7:28  Refinery  
  74  7:29  Supply Depot, Refinery  
  73  7:34  Hellion  
  73  7:35  SCV  
  76  7:39  SCV  
  76  7:42  Starport Reactor  
  77  7:47  SCV  
  77  7:51  SCV, Supply Depot  
  76  7:53  Mag-Field Accelerator  
  76  7:55  Cyclone x2  
  76  7:57  Hellion x2  
  86  7:59  Supply Depot  
  86  8:00  SCV  
  86  8:03  SCV  
  89  8:11  Orbital Command  
  89  8:12  SCV  
  89  8:18  Hellion x2  
  89  8:19  SCV  
  70  8:27  Hellion  
  70  8:29  Cyclone  
  70  8:30  Factory  
  70  8:31  Factory  
  70  8:33  Terran Vehicle And Ship Armor Level 1  
  72  8:35  Infernal Pre-Igniter  
  72  8:38  SCV, Orbital Command  
  72  8:39  SCV  
  74  8:41  Barracks Tech Lab  
  74  8:45  Armory  
  74  8:51  SCV  
  74  8:52  SCV, Supply Depot  
  76  9:00  Refinery  
  76  9:01  Refinery  
  76  9:03  SCV  
  76  9:04  SCV x2  
  76  9:06  Cyclone x2  
  85  9:13  Hellion x2  
  85  9:15  Factory Reactor  
  85  9:16  SCV x2  
  91  9:18  SCV  
  91  9:28  SCV x2  
  91  9:30  SCV  
  93  9:36  Terran Vehicle Weapons Level 1  
  93  9:40  SCV x2  
  93  9:42  SCV  
  93  9:44  Cyclone x2, Hellion x2  
  106  9:52  SCV x2, Hellion x2  
  112  9:53  Cyclone  
  112  9:55  SCV  
  120  10:07  Hellion x2  
  120  10:08  Command Center  
  120  10:10  SCV  
  120  10:11  SCV  
  120  10:14  Hellion  
  120  10:19  Hellion  
  120  10:20  Siege Tank x2  
  124  10:22  Liberator x2  
  124  10:25  Supply Depot x2  
  124  10:27  Engineering Bay  
  124  10:34  Hellion x2  
  128  10:37  Siege Tank  
  135  10:44  Terran Vehicle And Ship Armor Level 2  
  135  10:46  Supply Depot  
  135  10:48  Hellion  
  137  10:54  Supply Depot  
  137  10:59  Siege Tank  
  137  11:01  Siege Tank  
  143  11:08  Liberator x2, Hellion x2  
  145  11:11  Supply Depot  
  145  11:12  Supply Depot  
  145  11:16  Hellion  
  147  11:21  Cyclone  
  150  11:27  SCV x2  
  150  11:28  Orbital Command  
  150  11:32  SCV  
  154  11:39  Hellion  
  154  11:42  Hellion  
  154  11:43  Hellion x4  
  154  11:45  SCV  
  154  11:46  Refinery  
  154  11:47  Refinery  
  152  11:51  SCV  
  126  11:55  SCV  
  126  11:57  SCV  
  126  12:00  Hellion x2  
  132  12:03  SCV  
  132  12:04  Cyclone  
  132  12:07  SCV  
  129  12:09  SCV  
  128  12:15  SCV  
  129  12:23  Siege Tank x2  
  135  12:30  SCV  
  135  12:31  SCV  
  135  12:33  SCV  
  138  12:47  SCV  
  138  12:48  SCV x2  
Show
View Real Time Build Order
Export as new Build Order

Silky Zerg - Winner!

Build Orders: Pool First, Swarm Host 

Get SALT Encoding   

  12  0:00  Drone  
  13  0:12  Overlord  
  13  0:17  Drone  
  14  0:31  Drone x2  
  17  0:35  Drone  
  17  0:44  Extractor  
  17  0:46  Drone  
  17  0:49  Spawning Pool  
  16  0:55  Drone  
  17  1:07  Drone  
  18  1:16  Hatchery  
  17  1:20  Drone  
  18  1:36  Queen, Zergling x2  
  18  1:38  Zergling x2  
  22  1:46  Metabolic Boost  
  22  1:54  Spine Crawler  
  22  1:55  Zergling x2  
  21  2:10  Overlord  
  20  2:17  Zergling x2  
  21  2:23  Zergling x2  
  21  2:29  Drone  
  24  2:38  Zergling x2  
  24  2:39  Queen x2  
  24  2:41  Zergling x2  
  30  2:47  Zergling x4  
  32  3:00  Drone x4  
  32  3:04  Overlord  
  36  3:12  Drone x2  
  32  3:23  Zergling x4  
  32  3:25  Queen  
  36  3:30  Overlord  
  36  3:34  Zergling x2  
  36  3:39  Drone x2  
  39  3:43  Drone  
  39  3:47  Drone  
  39  3:48  Drone  
  42  3:56  Drone x4  
  46  4:05  Overlord  
  46  4:19  Hatchery  
  46  4:23  Queen  
  47  4:29  Overlord  
  47  4:31  Drone x4  
  51  4:32  Baneling Nest  
  51  4:38  Queen  
  51  4:48  Overlord  
  51  4:49  Zergling x4  
  53  4:55  Drone x4  
  57  5:08  Queen  
  57  5:09  Drone x2  
  61  5:15  Baneling x4  
  61  5:16  Drone x2  
  63  5:21  Drone x3  
  66  5:31  Drone x2  
  66  5:32  Lair, Drone  
  66  5:33  Spore Crawler  
  66  5:35  Spore Crawler x2, Queen  
  67  5:38  Spore Crawler  
  67  5:39  Drone x2  
  67  5:43  Drone x2  
  67  5:48  Overlord x2  
  70  5:55  Drone x4  
  69  5:58  Overlord  
  69  6:01  Drone x2  
  70  6:04  Drone x2  
  70  6:14  Drone x3  
  70  6:16  Queen  
  74  6:24  Zergling x2  
  74  6:25  Zergling x8  
  77  6:28  Spore Crawler  
  77  6:29  Extractor  
  77  6:30  Extractor  
  77  6:32  Drone  
  74  6:36  Drone x2  
  74  6:38  Spore Crawler  
  75  6:40  Overseer  
  75  6:45  Baneling x3  
  75  6:46  Zergling x2, Baneling x3  
  77  6:47  Zergling x4  
  77  6:52  Drone x3  
  82  6:57  Drone  
  82  7:00  Overlord  
  82  7:01  Drone x3  
  86  7:04  Extractor x2  
  86  7:06  Roach Warren  
  83  7:09  Evolution Chamber  
  83  7:10  Evolution Chamber  
  83  7:13  Zergling x2  
  83  7:14  Zergling x8  
  84  7:20  Drone  
  82  7:26  Drone x2  
  82  7:29  Overseer  
  84  7:31  Drone  
  84  7:33  Drone  
  86  7:37  Zerg Ground Armor Level 1, Zerg Missile Weapons Level 1, Drone  
  86  7:38  Drone x6  
  93  7:46  Zergling x4  
  93  7:49  Zergling x2  
  96  7:53  Glial Reconstitution  
  96  7:55  Roach  
  96  7:56  Roach  
  100  8:00  Roach x3  
  100  8:02  Hatchery  
  100  8:03  Overlord x2  
  102  8:22  Drone x3  
  102  8:24  Drone x5  
  102  8:25  Drone  
  107  8:30  Infestation Pit  
  107  8:31  Drone x3, Extractor  
  107  8:32  Drone x5  
  112  8:36  Overlord  
  112  8:41  Roach  
  114  8:48  Overlord  
  114  8:55  Ravager x4  
  119  8:56  Ravager  
  119  8:58  Overlord x2  
  119  9:01  Hatchery  
  118  9:03  Drone x4  
  118  9:04  Zergling x2, Extractor  
  118  9:05  Extractor  
  118  9:06  Baneling x5  
  118  9:08  Centrifical Hooks  
  121  9:12  Overlord  
  121  9:18  Hatchery  
  117  9:27  Zergling x28  
  125  9:34  Drone x2  
  125  9:37  Drone x2  
  128  9:44  Zerg Missile Weapons Level 2, Zerg Melee Weapons Level 1  
  128  9:49  Baneling x4  
  127  9:53  Drone  
  127  9:54  Drone  
  127  9:55  Drone x2  
  130  10:00  Nydus Network  
  129  10:08  Zergling x22  
  137  10:15  Drone x3, Hive  
  137  10:19  Spire  
  135  10:25  Swarm Host x5  
  135  10:26  Swarm Host x2  
  156  10:33  Drone x2  
  157  10:44  Hatchery  
  157  10:45  Roach x3  
  157  10:46  Roach  
  163  10:55  Nydus Canal  
  163  10:57  Baneling x21  
  163  10:59  Infestor  
  165  11:06  Zergling x2  
  165  11:07  Zergling x16  
  172  11:13  Overlord  
  170  11:19  Nydus Canal  
  170  11:31  Baneling  
  170  11:32  Baneling x4  
  170  11:34  Nydus Canal  
  170  11:38  Greater Spire  
  169  11:43  Zergling x26  
  174  11:53  Zergling x6  
  174  11:54  Zergling x36  
  177  12:03  Overlord  
  177  12:05  Corruptor  
  177  12:06  Corruptor x3  
  177  12:08  Overlord  
  184  12:17  Drone  
  184  12:22  Corruptor x4  
  185  12:27  Nydus Canal  
Tags
 
Add a new tag
Caveats
  • Supply blocks, unpowered buildings, or Contaminate may cause inaccurate times.
  • Supply counts are checked every 10 seconds.